 Dungeon Crawl Stone Soup version 0.13-a0-2739-gace2dc1 (console) character file.

121 Kellhus the Ruinous (level 4, 15/22 HPs)
             Began as a Gargoyle Wizard on Aug 21, 2013.
             Quit the game on Level 2 of the Dungeon.
             The game lasted 00:01:42 (1852 turns).

Kellhus the Ruinous (Gargoyle Wizard)               Turns: 1852, Time: 00:01:42

HP  15/22        AC  5     Str 11      XL: 4   Next:  0%
MP   1/11        EV 11     Int 19      God:
Gold 64          SH  0     Dex  8      Spells:  1 memorised,  8 levels left

Res.Fire  : . . .   See Invis. : .   h - +2 whip (flame)
Res.Cold  : . . .   Warding    : .   a - +0 robe
Life Prot.: + . .   Conserve   : .   (no shield)
Res.Poison: +       Res.Corr.  : .   b - +0 wizard hat
Res.Elec. : +       Clarity    : .   (no cloak)
Sust.Abil.: . .     Spirit.Shd : .   (no gloves)
Res.Mut.  : .       Stasis     : .   (no boots)
Res.Rott. : +       Flight     : .   (no amulet)
Saprovore : . . .                    (no ring)
                                     (no ring)

@: slightly resistant to hostile enchantments, unstealthy
A: fangs 1, talons 2, life protection 1, electricity resistance, slow metabolism
1, unbreathing, petrification resistance, AC +3
a: no special abilities


You were on level 2 of the Dungeon.
You were not hungry.

You visited 1 branch of the dungeon, and saw 2 of its levels.

You collected 44 gold pieces.

Inventory:

Hand weapons
 h - a +2,+2 whip of flaming (weapon)
Armour
 a - a +0 robe (worn)
 b - a +0 wizard hat (worn)
Comestibles
 d - a bread ration
 i - a chunk of kobold flesh
 j - a choko
Scrolls
 f - a scroll of enchant weapon II {unknown}
Potions
 e - 2 potions of magic {unknown}
 g - a potion of degeneration {unknown}
Books
 c - a book of Minor Magic

   Spells                             Type                      Level
   *Magic Dart                        Conjuration                  1
   Blink                              Translocation                2
   Call Imp                           Summoning                    2
   Repel Missiles                     Charms/Air                   2
   Slow                               Hexes                        2
   Conjure Flame                      Conjuration/Fire             3
   Mephitic Cloud                     Conjuration/Poison/Air       3


   Skills:
 - Level 1.5 Dodging
 - Level 2.1 Stealth
 - Level 3.0 Spellcasting
 + Level 4.1 Conjurations
   Level 0.8 Summonings
   Level 0.8 Translocations


You had 8 spell levels left.
You knew the following spells:

 Your Spells              Type           Power        Failure   Level  Hunger
a - Magic Dart            Conj           ###.         3%          1    None


Dungeon Overview and Level Annotations

Branches:
Dungeon (2/27)

Altars:


Innate Abilities, Weirdness & Mutations

You are resistant to torment.
You are immune to poison.
Your stone body is very resilient (AC +3).
You have very sharp teeth.
You have razor-sharp toenails.
You resist negative energy.
You are resistant to electric shocks.
You have a slow metabolism.
You can survive without breathing.
You are immune to petrification.


Message History

You closely miss the adder. Your kick misses the adder.
The adder is almost dead.
The adder bites you. The adder bites you but does no damage.
You closely miss the adder.
The adder is almost dead.
The adder closely misses you.
You closely miss the adder. Your kick misses the adder.
The adder is almost dead.
The adder closely misses you. The adder barely misses you.
You closely miss the adder. You claw the adder.
The adder is almost dead.
The adder bites you but does no damage.
You barely miss the adder. Your kick misses the adder.
The adder is almost dead.
The adder closely misses you. The adder barely misses you.
You hit the adder. You burn the adder.
You kill the adder!
Your Conjurations skill increases to level 4!
You have reached level 4!
You feel stronger.
Are you sure you want to abandon this character and quit the game? (Confirm with "yes".)

###############
#.@.............
#########.###.#.........
#.......#.# #...####.###
#.......#.# ###.#
#####.........# #.#
............#.#####%#
#.....)..<..>........
.###.........####..#.
#..........)....#..


There were no monsters in sight!

Vanquished Creatures
  A gnoll (D:1)
  An adder (D:2)
  An ooze (D:1)
  2 giant cockroaches
  3 goblins (D:1)
  5 hobgoblins (D:1)
  6 jackals
  6 kobolds (D:1)
  A ball python (D:1)
  3 bats (D:1)
  A giant newt (D:1)
  3 rats
33 creatures vanquished.

Notes
Turn   | Place    | Note
--------------------------------------------------------------
     0 | D:1      | Kellhus, the Gargoyle Wizard, began the quest for the Orb.
     0 | D:1      | Reached XP level 1. HP: 8/8 MP: 5/5
   442 | D:1      | Reached XP level 2. HP: 13/13 MP: 1/7
  1100 | D:1      | Reached XP level 3. HP: 1/17 MP: 2/9
  1851 | D:2      | Reached skill level 4 in Conjurations
  1851 | D:2      | Reached XP level 4. HP: 15/22 MP: 0/11
  1852 | D:2      | Quit the game

Action                   |  1- 3 |  4- 6 || total
-------------------------+-------+-------++-------
Melee: Unarmed           |    21 |       ||    21
       Whip              |     7 |       ||     7
 Cast: Magic Dart        |    93 |       ||    93
